Map: Lerilak Crest

Players

LilDicky - Winner!

  • Race: Terran Terran
  • League: Diamond

TheExalted

  • Race: Protoss Protoss
  • League: Diamond

VOD

http://www.twitch.tv/tumescentpie

Description

Time

  • Played on: Dec. 8, 2015, 6:38 a.m.
  • Length: 15:46
Show
View Real Time Build Order
Export as new Build Order

LilDicky Terran - Winner!

Build Orders: MMM Bio 

Get SALT Encoding   

  12  0:01  SCV  
  13  0:13  SCV  
  14  0:17  Supply Depot  
  14  0:25  SCV  
  15  0:30  Refinery  
  15  0:39  SCV  
  16  0:46  Barracks  
  16  0:56  SCV  
  17  1:09  SCV  
  18  1:26  SCV  
  19  1:34  Marine  
  19  1:35  Supply Depot  
  21  1:47  Factory  
  21  1:48  Orbital Command  
  20  1:56  Marine  
  21  2:02  Barracks  
  21  2:10  Barracks  
  21  2:16  Barracks Reactor  
  21  2:19  SCV  
  22  2:25  Refinery  
  22  2:33  SCV  
  23  2:43  Supply Depot  
  23  2:45  SCV  
  23  2:48  Widow Mine  
  26  3:02  Barracks Tech Lab  
  26  3:03  Barracks Tech Lab, Marine  
  26  3:05  SCV, Marine  
  28  3:10  Engineering Bay  
  29  3:27  Combat Shields  
  29  3:28  Stimpack, Marine  
  29  3:29  Marine  
  29  3:30  Marine  
  32  3:45  SCV  
  32  3:47  Missile Turret, Marine  
  32  3:48  Marine  
  35  3:52  Marine  
  34  3:55  Marine  
  34  4:00  SCV  
  36  4:10  Starport  
  36  4:12  Marine  
  36  4:16  Marine  
  37  4:29  SCV  
  38  4:37  Marine  
  39  4:42  Marine x3  
  39  4:45  Supply Depot  
  42  4:48  Medivac  
  44  4:54  Marine  
  44  4:55  SCV  
  46  5:00  Marine  
  46  5:06  Marine x2  
  49  5:07  SCV  
  49  5:12  Marine  
  51  5:18  Marine  
  52  5:24  Command Center  
  52  5:29  Marine x2  
  52  5:30  Marine  
  52  5:31  Starport Reactor  
  55  5:46  Supply Depot  
  55  5:52  Marine x4  
  55  5:54  Widow Mine  
  45  6:35  Marine x3  
  48  6:43  Orbital Command  
  48  6:44  Marine  
  49  6:49  Barracks, Medivac  
  49  6:52  Medivac  
  53  6:56  Marauder  
  53  7:00  Widow Mine  
  53  7:01  SCV  
  58  7:02  Liberator  
  58  7:10  Liberator  
  58  7:12  Marauder, Marine  
  58  7:13  SCV  
  58  7:14  SCV  
  69  7:31  Factory Reactor  
  69  7:36  SCV  
  70  7:38  SCV  
  73  7:44  Marauder x2  
  73  7:48  Marine x2  
  77  7:57  Barracks  
  77  7:58  Barracks  
  77  8:05  Marine x2  
  78  8:07  Supply Depot  
  77  8:18  Marine x2  
  79  8:22  Widow Mine x2  
  79  8:23  Marauder, Marine  
  85  8:50  Liberator x2  
  73  9:01  Marine x2  
  73  9:02  Marine x2  
  74  9:04  Widow Mine x2  
  84  9:11  Concussive Shells  
  84  9:12  Marauder x2  
  84  9:13  Factory  
  88  9:17  SCV x2  
  90  9:24  Command Center, Refinery  
  90  9:29  SCV x2  
  90  9:31  Refinery  
  92  9:32  Supply Depot  
  92  9:37  Supply Depot  
  92  9:41  SCV  
  92  9:44  Marine  
  94  9:46  Liberator x2  
  94  9:54  Marauder, Marine x3  
  101  10:09  Marine x2  
  103  10:16  Marauder  
  103  10:22  Marine  
  103  10:23  Marine  
  103  10:28  Factory Tech Lab, Widow Mine x2, Marauder  
  107  10:30  Marine  
  110  10:36  Marine x2  
  110  10:38  Terran Infantry Weapons Level 1  
  110  10:40  Supply Depot  
  110  10:41  Supply Depot  
  112  10:44  Engineering Bay  
  112  10:51  Orbital Command  
  112  10:58  Missile Turret  
  110  11:24  Liberator x2  
  97  11:42  Siege Tank, Widow Mine x2  
  97  11:43  Marine x2  
  97  11:44  Marine x3  
  97  11:45  Marauder  
  112  12:01  Marine x2  
  112  12:02  Marauder  
  112  12:04  Marine x2  
  112  12:06  Marauder  
  120  12:19  Marine x2  
  120  12:22  Marine x2  
  121  12:23  Marine  
  121  12:24  Medivac x2  
  127  12:30  Marine  
  127  12:37  Marine x2, Siege Tank, Widow Mine  
  128  12:40  Marine  
  128  12:41  Marauder  
  138  12:48  Marauder  
  126  13:18  Siege Tank, Widow Mine x2  
  122  13:59  Marine  
  122  14:00  Marauder x2  
  110  14:16  Marine  
  110  14:22  Marauder x2  
  110  14:30  Barracks  
  110  14:31  Barracks  
  110  14:32  Armory, Barracks  
  110  14:35  Marine x4  
  110  14:36  Barracks  
  110  14:37  Barracks  
  110  14:40  Barracks  
  110  14:42  Widow Mine x2  
  110  14:43  Marauder, Siege Tank, Marine  
  110  14:44  Medivac x2  
  110  14:53  Marine x4  
  110  15:00  Refinery  
  110  15:04  Refinery  
  110  15:06  Command Center  
  110  15:25  Marine x3  
  110  15:26  Marine  
Show
View Real Time Build Order
Export as new Build Order

TheExalted Protoss 

Build Orders: Double Forge, Oracle Opening 

Get SALT Encoding   

  12  0:01  Probe (Chrono Boost)  
  13  0:11  Probe (Chrono Boost)  
  14  0:17  Pylon  
  14  0:22  Probe (Chrono Boost)  
  15  0:37  Gateway  
  15  0:38  Probe (Chrono Boost)  
  16  0:46  Assimilator  
  16  0:49  Probe (Chrono Boost)  
  17  1:02  Probe (Chrono Boost)  
  18  1:06  Assimilator  
  18  1:10  Pylon  
  18  1:13  Probe (Chrono Boost)  
  19  1:23  Probe (Chrono Boost)  
  19  1:25  Cybernetics Core  
  20  1:32  Zealot  
  22  1:35  Probe (Chrono Boost)  
  23  1:45  Probe (Chrono Boost)  
  24  1:54  Pylon  
  24  2:00  Pylon  
  24  2:02  Warp Gate (Chrono Boost)  
  28  2:08  Mothership Core (Chrono Boost)  
  28  2:13  Zealot  
  28  2:25  Stargate  
  28  2:48  Gateway  
  28  2:49  Gateway  
  28  2:51  Gateway  
  28  2:55  Gateway  
  28  3:12  Oracle (Chrono Boost)  
  31  3:40  Pylon  
  31  4:00  Oracle (Chrono Boost)  
  34  4:08  Sentry  
  34  4:09  Stalker, Zealot x2  
  42  4:11  Zealot  
  44  4:32  Forge  
  44  4:34  Forge  
  44  4:48  Nexus  
  44  4:50  Pylon  
  44  4:57  Probe  
  45  5:00  Sentry  
  45  5:01  Sentry  
  45  5:04  Sentry  
  51  5:09  Probe  
  46  5:20  Assimilator  
  46  5:22  Probe  
  46  5:26  Assimilator  
  47  5:29  Pylon  
  47  5:35  Probe  
  48  5:42  Protoss Ground Weapons Level 1, Protoss Ground Armor Level 1  
  48  5:47  Probe  
  49  5:53  Stalker  
  39  6:13  Stalker x2  
  39  6:15  Stalker  
  37  6:37  Probe  
  38  6:42  Probe  
  39  6:47  Probe  
  39  6:53  Stalker  
  39  6:54  Probe, Zealot  
  44  6:59  Stalker  
  47  7:08  Twilight Council  
  47  7:12  Probe x2  
  49  7:22  Probe  
  49  7:24  Probe  
  49  7:28  Zealot  
  51  7:51  Pylon x2  
  51  7:54  Pylon  
  51  8:16  Stalker  
  51  8:17  Stalker  
  51  8:18  Stalker, Zealot x2  
  61  8:23  Probe  
  61  8:25  Charge (Chrono Boost)  
  62  8:30  Probe  
  62  8:34  Probe  
  62  8:58  Stalker  
  62  8:59  Stalker x2  
  62  9:00  Stalker  
  62  9:02  Zealot  
  72  9:08  Oracle (Chrono Boost)  
  75  9:35  Zealot x3  
  75  9:37  Stalker x2  
  63  10:02  Stalker  
  63  10:03  Stalker, Zealot  
  63  10:04  Stalker x2  
  69  10:39  Zealot x4  
  69  10:40  Zealot  
  79  10:50  Templar Archives  
  79  10:53  Pylon  
  79  10:55  Pylon  
  79  10:56  Protoss Ground Weapons Level 2 (Chrono Boost)  
  79  10:59  Protoss Ground Armor Level 2 (Chrono Boost)  
  77  11:31  Zealot x5  
  51  11:52  Zealot  
  51  11:53  Zealot x4  
  54  12:06  Probe  
  55  12:14  Zealot x5  
  65  12:18  Probe  
  64  12:23  Psionic Storm  
  62  12:38  High Templar x3  
  62  12:39  High Templar x2  
  72  12:54  Archon  
  72  12:55  Archon  
  33  13:13  High Templar x2  
  33  13:14  High Templar x2  
  33  13:15  High Templar  
  24  13:46  Zealot x2  
  24  13:47  Zealot x2  
  32  14:06  Archon  
  32  14:07  Zealot  
Tags
 
Add a new tag
Caveats
  • Supply blocks, unpowered buildings, or Contaminate may cause inaccurate times.
  • Supply counts are checked every 10 seconds.